 Dungeon Crawl Stone Soup version 0.24-a0-335-g06ca16a (webtiles) character file.

Game seed: 18100583231012115205

105 mhoghedin the Magician (level 4, -4/30 HPs)
             Began as a Mummy Wizard on May 19, 2019.
             Slain by a river rat (6 damage)
             ... in a sewer.
             The game lasted 00:05:43 (2863 turns).

mhoghedin the Magician (Mummy Wizard)               Turns: 2863, Time: 00:05:44

Health: -4/30      AC:  2    Str: 10    XL:     4   Next: 53%
Magic:  3/11       EV: 12    Int: 18    God:
Gold:   90         SH:  0    Dex: 10    Spells: 0/13 levels left

rFire    . . .     SeeInvis .   c - +0 short sword
rCold    + . .     Gourm    .   (no shield)
rNeg     + + +     Faith    .   a - +0 robe
rPois    ∞         Spirit   .   b - +0 hat
rElec    .         Reflect  .   (no cloak)
rCorr    .         Harm     .   (no gloves)
MR       .....                  (no boots)
Stlth    ++........             (no amulet)
HPRegen  0.10/turn              e - ring of protection from fire {rF+, !d}
MPRegen  0.12/turn              (no ring)

@: very slightly contaminated
A: no food or potions, fire vulnerability, cold resistance 1, negative energy
resistance 3, torment resistance, unbreathing
a: no special abilities


You were in a sewer.
You were not hungry.

You visited 1 branch of the dungeon, and saw 3 of its levels.
You also visited: Sewer.

You collected 90 gold pieces.

Inventory:

Hand Weapons
 c - a +0 short sword (weapon)
   (You took it off a kobold on level 1 of the Dungeon)
Armour
 a - a +0 robe (worn)
 b - a +0 hat (worn)
Jewellery
 e - a ring of protection from fire (left hand) {rF+, !d}
   (You found it on level 2 of the Dungeon)
Scrolls
 d - 2 scrolls of teleportation {unknown}
 f - a scroll of random uselessness {unknown}
 g - a scroll of noise {unknown}
 h - 2 scrolls of identify {unknown}
 i - 3 scrolls of remove curse {unknown}
 j - a scroll of amnesia {unknown}


   Skills:
 - Level 1.5 Dodging
 - Level 1.5 Stealth
 - Level 5.4 Spellcasting
 - Level 2.2 Conjurations
 + Level 1.4 Summonings
 - Level 0.7 Translocations


You couldn't memorise any spells.
You knew the following spells:

 Your Spells              Type           Power        Failure   Level  Hunger
a - Magic Dart            Conj           ##..         4%          1    N/A
b - Blink                 Tloc           N/A          14%         2    N/A
c - Call Imp              Summ           ##......     11%         2    N/A
d - Conjure Flame         Conj/Fire      #.......     24%         3    N/A
s - Slow                  Hex            #.......     19%         2    N/A
x - Mephitic Cloud        Conj/Pois/Air  #.......     28%         3    N/A

Your spell library contained the following spells:

 Spells                   Type           Power        Failure   Level  Hunger


Dungeon Overview and Level Annotations

Branches:
Dungeon (3/15)

Altars:
Cheibriados
Nemelex Xobeh


Innate Abilities, Weirdness & Mutations

You do not eat or drink.
Your flesh is vulnerable to fire.
You are immune to poison.
Your flesh is cold resistant. (rC+)
You are immune to negative energy. (rN+++)
You are immune to unholy pain and torment.
You can survive without breathing.


Message History

Orders for allies: a - Attack new target. r - Retreat! s - Stop attacking. g - Guard the area. f - Follow me.
Anything else - Cancel.
Gang up on whom?
Aim: an adder Attack!
The adder barely misses you.
Your white imp gestures at the adder.
The puff of frost hits the adder!
Your white imp barely misses the adder.
The adder bites your white imp. The adder bites your crimson imp.
Your white imp disappears in a puff of smoke!
The adder barely misses your crimson imp.
Your crimson imp hits the adder.
The adder bites your crimson imp.
Your crimson imp is poisoned.
The adder poisons your crimson imp! The adder misses your crimson imp.
Your crimson imp hits the adder.
The adder dies!
You start resting.
Your crimson imp disappears in a puff of smoke!
Your magical contamination has completely faded away.
You regained 3 hp, and now have 29/30 hp.
You regained 3 mp, and now have 8/11 mp.
You start resting.
Health restored: 30; MP restored: 11 Unknown command.
Okay, then.
Unknown command.
A ball python comes into view.
A ball python comes into view.
The ball python hisses angrily.
A beastly little devil appears in a puff of flame.
You now have 9/11 mp.
A metallic apparition takes form in the air.
Your crimson imp hits the ball python.
You now have 7/11 mp.
A beastly little devil appears in a puff of flame.
The ball python bites you. The ball python closely misses you.
Your crimson imp blinks!
You take 1 damage, and have 29/30 hp.
You now have 5/11 mp.
You hit the ball python.
You kill the ball python!
Your iron imp hits the ball python!
The ball python dies!
No target in view!
No target in view!
No target in view!
No target in view!
You see here a ball python corpse.
You see here a ball python corpse.
Health restored: 30 You start resting.
Your crimson imp disappears in a puff of smoke! x2
Your iron imp disappears in a puff of smoke!
MP restored: 11 You open the door.
You enter the shallow water.
Moving in this stuff is going to be slow.
Why would you want to do that? Why would you want to do that?
You now have 90 gold pieces (gained 11).
You see here a bubbling coppery potion.
You enter the shallow water.
Moving in this stuff is going to be slow.
A rat and 2 river rats come into view.
Why would you want to do that?
A rat and 2 river rats come into view.
The river rat twitches its whiskers. x2
A beastly little devil appears in a puff of flame.
The river rat closely misses you.
You now have 9/11 mp.
A beastly little devil appears in a puff of flame.
The river rat bites you. x2
Your crimson imp blinks!
You take 3 damage, and have 27/30 hp.
You now have 7/11 mp.
You miscast Call Imp.
You are very lightly contaminated with residual magic.
The world appears momentarily distorted.
The river rat bites you.
Your crimson imp hits the river rat but does no damage.
Your crimson imp blinks!
You take 6 damage, and have 21/30 hp.
You now have 5/11 mp.
A beastly little devil appears in a puff of flame.
The river rat bites you but does no damage.
The river rat bites you. The river rat bites you!
* * * LOW HITPOINT WARNING * * *
Your crimson imp hits the river rat.
You take 13 damage, and have 8/30 hp.
MASSIVE DAMAGE!!
You now have 3/11 mp.
The river rat twitches its whiskers.
Your crimson imp blinks!
Why would you want to do that?
You hit the river rat but do no damage. The river rat closely misses you.
The river rat bites you.
* * * LOW HITPOINT WARNING * * *
The river rat barely misses you.
Your crimson imp hits the river rat.
The river rat closely misses you. The river rat bites you.
You die...

≈≈..##
#.≈..r.#
≈≈≈≈≈#
#≈≈≈≈≈≈#
≈≈≈≈≈#
#≈5≈≈≈≈#
≈≈≈#≈#
#≈≈≈≈≈≈#
≈≈≈≈≈#
#≈≈≈≈≈≈#
≈≈≈≈≈#
#≈≈≈≈≈≈#
≈≈≈≈≈#
#≈≈§5≈≈#
≈≈≈≈.#
#...rrr#
≈≈≈†≈#
##.≈r@≈#
≈≈≈≈≈#
#≈≈≈5≈≈#
≈≈#†≈#
#≈≈≈≈≈≈#
≈≈≈#≈#
#≈≈≈≈≈≈#
≈≈≈≈≈#
#≈≈≈≈≈≈#
≈†≈≈≈#
#≈≈≈≈≈≈#
≈≈≈≈≈#
#≈≈≈≈≈≈#
≈≈≈≈≈#
#####≈≈≈≈≈≈#
≈≈≈≈##
#!!##.≈...##


You could see 4 river rats and 3 friendly crimson imps.

Vanquished Creatures
  4 adders
  2 dart slugs
  A leopard gecko (D:2)
  A bat (D:3)
  A giant cockroach (D:2)
  A goblin (D:1)
  2 hobgoblins (D:1)
  3 jackals
  2 ball pythons (Sewer)
  3 kobolds
  6 rats
26 creatures vanquished.

Vanquished Creatures (collateral kills)
  4 adders
  2 river rats (Sewer)
  A worm (D:3)
  2 ball pythons (Sewer)
  A bat (D:2)
  2 giant cockroaches (D:3)
  A goblin (D:2)
  A hobgoblin (D:2)
  2 jackals (D:2)
  A quokka (D:3)
  A frilled lizard (Sewer)
  10 rats (Sewer)
28 creatures vanquished.

Grand Total: 54 creatures vanquished

Notes
Turn   | Place    | Note
-------+----------+-------------------------------------------
     0 | D:1      | mhoghedin the Mummy Wizard began the quest for the Orb.
     0 | D:1      | Reached XP level 1. HP: 13/13 MP: 5/5
   572 | D:1      | HP: 2/13 [hobgoblin/+0 club (7)]
   576 | D:1      | Reached XP level 2. HP: 4/19 MP: 0/7
   823 | D:1      | Learned a level 2 spell: Blink
   826 | D:1      | Learned a level 2 spell: Call Imp
   829 | D:1      | Learned a level 2 spell: Slow
  1236 | D:2      | Reached skill level 5 in Spellcasting
  1248 | D:2      | Reached skill level 1 in Conjurations
  1336 | D:2      | Reached XP level 3. HP: 22/24 MP: 2/9
  1608 | D:2      | Found a snail-covered altar of Cheibriados.
  1682 | D:2      | Reached skill level 2 in Conjurations
  1913 | D:2      | Learned a level 3 spell: Conjure Flame
  2041 | D:2      | Found a sparkling altar of Nemelex Xobeh.
  2270 | D:3      | Reached XP level 4. HP: 25/30 MP: 6/11
  2281 | D:3      | Learned a level 3 spell: Mephitic Cloud
  2312 | D:3      | Found a glowing drain.
  2316 | Sewer    | Entered a sewer
  2599 | Sewer    | Reached skill level 1 in Summonings
  2863 | Sewer    | HP: 2/30 [river rat (6)]
  2863 | Sewer    | Slain by a river rat

Levels and vault maps discovered:
D:1:      erik_arrival_triangle_small, layout_basic
D:2:      layout_rooms, kennysheep_slug_shrine, nicolae_overflow_hidden_temple
D:3:      layout_rooms, lemuel_round_altar, gup_sewer_entry_spiral,
          okawaru_ov_weapons_minmay, uniq_natasha
Sewer:    sewer_minmay_w

Skill      XL: |  1  2  3  4 |
---------------+-------------+-----
Spellcasting   | 5 |  5.4
Conjurations   | 1 2 |  2.2
Summonings     | 1 |  1.4
Dodging        | |  1.5
Stealth        | |  1.5
Translocations | |  0.7

Action                   |  1- 3 |  4- 6 || total
-------------------------+-------+-------++-------
Melee: Short sword       |    16 |    24 ||    40
 Cast: Magic Dart        |    59 |       ||    59
       Call Imp          |    18 |    23 ||    41
Armor: Robe              |    12 |     5 ||    17
Dodge: Dodged            |    56 |    31 ||    87

Table legend:
 A = Non-vault XP
 B = Vault XP
 C = Vault XP percentage of total XP
 D = Non-vault monster count
 E = Vault monster count
 F = Vault count percentage of total count
                 A         B        C        D         E       F
            +---------+---------+-------+---------+---------+-------
      Total |      85 |      65 |  43.3 |      27 |      27 |  50.0
            +---------+---------+-------+---------+---------+-------
        D:1 |      18 |       0 |   0.0 |      10 |       0 |   0.0
        D:2 |      64 |       4 |   5.9 |      15 |       1 |   6.2
        D:3 |       3 |      21 |  87.5 |       2 |       5 |  71.4
      Sewer |       0 |      40 | 100.0 |       0 |      21 | 100.0
            +---------+---------+-------+---------+---------+-------

Levels and vault maps discovered:
D:1:      erik_arrival_triangle_small, layout_basic
D:2:      layout_rooms, kennysheep_slug_shrine, nicolae_overflow_hidden_temple
D:3:      layout_rooms, lemuel_round_altar, gup_sewer_entry_spiral,
          okawaru_ov_weapons_minmay, uniq_natasha
Sewer:    sewer_minmay_w

Table legend:
 A = Turns spent in this place as a percentage of turns spent in the entire game.
 B = Non-inter-level travel turns spent in this place as a percentage of non-inter-level travel turns spent in the entire game.
 C = Inter-level travel turns spent in this place as a percentage of turns spent in this place.
 D = Turns resting spent in this place as a percentage of non-inter-level travel turns spent in this place.
 E = Turns spent auto-exploring this place as a percentage of non-inter-level travel turns spent in this place.
 F = Non-inter-level travel turns spent in this place divided by the number of levels of this place that you've seen.
                   A       B       C       D       E      F
               +-------+-------+-------+-------+-------+----------------------
         Total | 100.0 | 100.0 |   2.6 |  39.6 |  37.4 | 697.0
       Dungeon |  80.9 |  80.4 |   3.2 |  34.9 |  46.0 | 747.0
         Sewer |  19.1 |  19.6 |   0.0 |  59.2 |   2.0 | 547.0
               +-------+-------+-------+-------+-------+----------------------

Table legend:
 A = Kills in this place as a percentage of kills in entire the game.
 B = Kills by you in this place as a percentage of kills by you in the entire game.
 C = Kills by friends in this place as a percentage of kills by friends in the entire game.
 D = Other kills in this place as a percentage of other kills in the entire game.
 E = Experience gained in this place as a percentage of experience gained in the entire game.
 F = Experience gained in this place divided by the number of levels of this place that you have seen.
                   A       B       C       D       E      F
               +-------+-------+-------+-------+-------+----------------------
         Total | 100.0 | 100.0 | 100.0 |   N/A | 100.0 |  37.5
       Dungeon |  61.1 |  80.8 |  42.9 |   N/A |  73.3 |  36.7
         Sewer |  38.9 |  19.2 |  57.1 |   N/A |  26.7 |  40.0
               +-------+-------+-------+-------+-------+----------------------
